AoeStats
← 苏东坡的粉丝

African Clearing

510760877Analyzed
4v4 RM · 1d ago on Oct 2, 2026· 30m 10s· 8 players
Game mode
Random Map
Map size
Large (8 player)
Population
200
Speed
Normal
Resources
Standard
Victory
Conquest
Starting age
Dark Age
Ending age
Imperial Age
RankedLock teamsTeams togetherTeam positionsShared explorationLock speedFull tech treeHidden civsTurbo modeCheats
Victory
Defeat
🇹🇼 Spanish · Taiwan
1592
+13
🇨🇳 Koreans · China
1584
+13
🇦🇷 Bulgarians · Argentina
1546
+15
🇩🇪 Gurjaras · Germany
1491
+17
🇨🇳 Poles · China
1707
-22
🇨🇳 Burmese · China
1507
-14
🇨🇳 Byzantines · China
1464
-12
🇨🇳 Britons · China
1402
-10
Kant be real
12:23 Loom
14:09 Feudal Age
15:16 Double-Bit Axe
18:19 Castle Age
17:12 Fletching
19:02 Bodkin Arrow
19:17 Bow Saw
19:59 Padded Archer Armor
20:25 Husbandry
26:00 Ballistics
JoPo21
6:39 Loom
苏东坡的粉丝
6:23 Loom
13:54 Feudal Age
19:49 Castle Age
17:59 Double-Bit Axe
18:33 Horse Collar
18:45 Fletching
19:28 Gold Mining
21:26 Bow Saw
26:03 Wheelbarrow
26:51 Wheelbarrow
27:43 Town Watch
27:53 Stone Mining
29:21 Bodkin Arrow
30:37 Stone Mining
Sunny Day
5:17 Loom
13:47 Feudal Age
18:02 Castle Age
22:19 Padded Archer Armor
爱炸房的鳄鱼
8:08 Loom
15:24 Feudal Age
16:00 Man-at-Arms
17:11 Horse Collar
24:27 Castle Age
椒香三角铁
9:11 Loom
13:50 Feudal Age
17:47 Castle Age
17:55 Double-Bit Axe
19:47 Scale Mail Armor
24:54 Fletching
Alita
4:20 Loom
12:34 Feudal Age
13:47 Double-Bit Axe
22:33 Castle Age
21:56 Stone Mining
23:36 Bow Saw
23:37 Fletching
27:09 Bodkin Arrow
爱睡觉的鳄鱼
8:57 Loom
12:04 Feudal Age
12:10 Man-at-Arms
14:07 Double-Bit Axe
15:04 Horse Collar
19:44 Wheelbarrow
31:32 Castle Age
Connection lost

Rejoining the realm…

Still unreachable

The connection could not be restored.

Session expired

The server has moved on; the page needs a fresh start.